 Dungeon Crawl Stone Soup version 0.26.1-2-gb8aa6d0cf2 (webtiles) character file.

Game seed: 15708120089660869883

165 Eitelfritz the Covered (level 5, -1/47 HPs)
             Began as a Hill Orc Fighter on Mar 7, 2021.
             Slain by a worker ant (5 damage)
             ... on level 4 of the Dungeon.
             The game lasted 00:06:39 (2757 turns).

Eitelfritz the Covered (Hill Orc Fighter)           Turns: 2757, Time: 00:06:40

Health: -1/47      AC: 12    Str: 20    XL:     5   Next: 46%
Magic:  5/5        EV:  7    Int:  8    God:
Gold:   132        SH:  5    Dex: 16    Spells: 4/4 levels left

rFire    . . .     SeeInvis .   a - +0 long sword
rCold    . . .     Faith    .   l - +0 buckler
rNeg     . . .     Spirit   .   j - +0 chain mail
rPois    .         Reflect  .   p - +0 helmet
rElec    .         Harm     .   (no cloak)
rCorr    .         Rampage  .   n - +0 pair of gloves
Will     .....                  (no boots)
Stlth    ..........             (no amulet)
HPRegen  0.15/turn              u - +6 ring of dexterity
MPRegen  0.09/turn              w - ring of flight

@: lethally poisoned (-1 -> -2)
A: no striking features
a: Convert to Beogh, Evoke Flight


You were on level 4 of the Dungeon.
You visited 1 branch of the dungeon, and saw 4 of its levels.

You collected 132 gold pieces.

Inventory:

Hand Weapons
 a - a +0 long sword (weapon)
Missiles
 i - 51 stones (quivered)
Armour
 c - a +0 kite shield
 j - a +0 chain mail (worn)
 k - a +0 plate armour
 l - a +0 buckler (worn)
 n - a +0 pair of gloves (worn)
 p - a +0 helmet (worn)
Jewellery
 u - a +6 ring of dexterity (left hand)
 w - a ring of flight (right hand)
Scrolls
 m - a scroll of amnesia
 q - 2 scrolls of teleportation
Potions
 d - a potion of might
 f - 2 potions of lignification
 s - 3 potions of brilliance
 t - a potion of invisibility
 v - a potion of curing {unknown}


   Skills:
 + Level 4.4 Fighting
 + Level 3.5 Long Blades
 + Level 4.8 Armour
 + Level 0.1 Dodging
 + Level 0.1 Stealth
 + Level 3.9 Shields


You had 4 spell levels left.
You didn't know any spells.
Your spell library was empty.

Dungeon Overview and Level Annotations

Branches:
Dungeon (4/15)
 Temple: D:4-7

Altars:
Cheibriados
Qazlal
Ru
Wu Jian
Xom


Message History

An orc comes into view. It is wielding a +0 club.
Something completely misses you.
The orc priest miscasts a cantrip.
The worker ant bites you but does no damage.
An orc comes into view. It is wielding a +0 short sword.
The orc throws a silver boomerang.
The silver boomerang hits you but does no damage.
* * * LOW HITPOINT WARNING * * *
The weapon returns to the orc!
Something hits you but does no damage.
Unknown command.
The orc shouts!
The worker ant barely misses you.
The worker ant bites you but does no damage.
There is a stone staircase leading up here.
You feel sick.
You hit something. You block the worker ant's attack.
Something hits you but does no damage.
The orc priest looks satisfied for a moment.
You miss something. The worker ant bites you.
You die...

..........o...#
................
.................
.................
.......?.........
.................
.................
........oo.......
........@o...o...
........B<.o....#
#...............#
#.(....#........#
#......##########
####... ####


You could see a worker ant, an orc priest and 4 orcs.

Vanquished Creatures
  2 orc wizards (D:3)
  4 adders
  An ooze (D:3)
  A leopard gecko (D:3)
  7 orcs (D:3)
  4 giant cockroaches
  7 goblins
  10 hobgoblins
  3 quokkas (D:3)
  4 ball pythons
  3 bats
  4 frilled lizards
  3 kobolds (D:1)
  3 rats
56 creatures vanquished.

Notes
Turn   | Place    | Note
-------+----------+-------------------------------------------
     0 | D:1      | Eitelfritz the Hill Orc Fighter began the quest for the
                  | Orb.
     0 | D:1      | Reached XP level 1. HP: 19/19 MP: 1/1
   330 | D:1      | Reached XP level 2. HP: 27/27 MP: 2/2
   961 | D:2      | Found a stormy altar of Qazlal.
   976 | D:2      | Reached XP level 3. HP: 31/33 MP: 3/3
   989 | D:2      | Found a shimmering altar of Xom.
   989 | D:2      | Found a snail-covered altar of Cheibriados.
   990 | D:2      | Found a sacrificial altar of Ru.
   990 | D:2      | Found an ornate altar of the Wu Jian Council.
  1853 | D:3      | Reached XP level 4. HP: 40/40 MP: 4/4
  2003 | D:3      | Reached XP level 5. HP: 31/47 MP: 5/5
  2757 | D:4      | Slain by a worker ant

Illustrated notes

Levels and vault maps discovered:
D:1:      shiori_arrival_elements, layout_basic
D:2:      layout_basic, grunt_temple_overflow_open
D:3:      layout_loops_ring
D:4:      layout_basic, nicolae_qazlal_general_emergency, uniq_eustachio

Skill      XL: |  1  2  3  4 |
---------------+-------------+-----
Fighting       | 4 |  4.4
Armour         | 4 |  4.8
Long Blades    | 3 |  3.5
Dodging        | |  0.1
Stealth        | |  0.1
Shields        | |  3.9

Action                   |  1- 3 |  4- 6 || total
-------------------------+-------+-------++-------
Melee: Long sword        |    98 |    97 ||   195
  Use: Scroll            |       |    10 ||    10
Armor: Scale mail        |     8 |       ||     8
       Chain mail        |    55 |    69 ||   124
Dodge: Dodged            |    47 |    33 ||    80
Block: Kite shield       |    11 |       ||    11
       Buckler           |    17 |    22 ||    39
       Rpst.: Long sword |    13 |     9 ||    22
